 Dungeon Crawl Stone Soup version 0.31-a0-145-g046c7d2549 (webtiles) character file.

Game seed: 13767677833323226035

476 qw the Skirmisher (level 6, -1/56 HPs)
             Began as a Minotaur Hunter on June 7, 2023.
             Succumbed to a gnoll sergeant's poison
             ... on level 5 of the Dungeon.
             The game lasted 00:01:22 (2805 turns).

qw the Skirmisher (Minotaur Hunter)                 Turns: 2805, Time: 00:01:23

Health: -1/56      AC: 12    Str: 15    XL:     6   Next: 84%
Magic:  5/5        EV: 11    Int:  6    God:
Gold:   40         SH:  0    Dex: 16    Spells: 5/5 levels left

rFire   . . .        Y - +1 shortbow (freeze)
rCold   . . .        (shield currently unavailable)
rNeg    . . .        e - +0 ring mail
rPois   .            (helmet restricted)
rElec   .            (no cloak)
rCorr   .            f - +2 pair of gloves
SInv    .            (no boots)
Will    .....        (no amulet)
Stlth   +            d - +4 ring of protection
HPRegen 0.29/turn    (no ring)
MPRegen 0.09/turn

%: no passive effects
@: lethally poisoned (-1 -> -29), about to teleport
A: horns 2, retaliatory headbutt
a: no special abilities


You were on level 5 of the Dungeon.
You visited 1 branch of the dungeon, and saw 5 of its levels.

You collected 185 gold pieces.
You spent 145 gold pieces at shops.


Innate Abilities, Weirdness & Mutations

You have a pair of horns on your head.
You reflexively headbutt those who attack you in melee.


   Skills:
 - Level 5.0 Fighting
 - Level 8.0 Ranged Weapons
 + Level 1.0 Armour
 - Level 2.1 Dodging
 - Level 0.7 Stealth


You had 5 spell levels left.
You didn't know any spells.
Your spell library was empty.

Inventory:

Hand Weapons
 Y - a +1 shortbow of freezing (weapon)
Armour
 e - a +0 ring mail (worn)
 f - a +2 pair of gloves (worn)
Jewellery
 d - a +4 ring of protection (left hand)
Scrolls
 a - a scroll of identify
 h - a scroll of teleportation
Potions
 c - a potion of mutation {unknown}
 k - 3 potions of curing

Dungeon Overview and Level Annotations

Branches:
Dungeon (5/15)
 Temple: D:4-7

Altars:
Sif Muna

Shops:
D:4 *

Annotations:
D:3 1 runed translucent door, Crazy Yiuf


Message History

The arrow freezes the quokka.
You kill the quokka!
You feel very sick.
The gnoll sergeant hits you but does no damage.
You are more poisoned.
You shoot an arrow.
The arrow barely misses the gnoll sergeant.
The arrow hits the gnoll.
The arrow freezes the gnoll.
The gnoll is severely wounded.
You feel very sick.
The gnoll sergeant completely misses you.
You shoot an arrow. The arrow hits the gnoll!
The arrow freezes the gnoll.
You kill the gnoll!
You feel very sick.
The gnoll sergeant hits you but does no damage.
You are more poisoned.
You shoot an arrow. The arrow closely misses the gnoll.
You feel very sick.
The gnoll sergeant hits you from afar with a +1 trident of venom.
You are more poisoned.
You shoot an arrow. The arrow hits the gnoll!
The arrow freezes the gnoll.
You kill the gnoll!
You feel very sick.
The gnoll sergeant hits you from afar with a +1 trident of venom.
You are lethally poisoned!
Your Fighting skill increases to level 5!
You shoot an arrow.
The arrow closely misses the gnoll sergeant.
You feel extremely sick. The gnoll sergeant barely misses you.
2804 ||| READING 2 scrolls of teleportation.
As you read the scroll of teleportation, it crumbles to dust.
You feel strangely unstable.
You feel very sick.
The gnoll sergeant hits you from afar with a +1 trident of venom.
You are more poisoned.
You shoot an arrow.
The arrow hits the gnoll sergeant but does no damage.
The gnoll sergeant is heavily wounded.
You die...

.!.# .. ....# #.
#....###.. .....
#....... .....
#....... #....
##..$...## ...#
#........###...# .
....#)@.##...##...
.#)....#........
....g.....<.......
.....#######.......
...). ....... ....
....... .). ......#
... #.....# .....#


You could see a gnoll sergeant.

Vanquished Creatures
  An ogre (D:4)
  A jelly (D:4)
  A hound (D:4)
  Jessica (D:3)
  Natasha (D:3)
  An iguana (D:4)
  Ijyb (D:3)
  Robin (D:4)
  4 gnolls (D:5)
  3 adders
  An ufetubus (D:4)
  A worm (D:4)
  A dart slug (D:3)
  19 orcs
  9 ball pythons
  4 endoplasms
  4 giant cockroaches
  29 goblins
  9 hobgoblins
  3 jackals (D:3)
  5 kobolds
  2 quokkas
  12 bats
  4 frilled lizards
  5 rats
123 creatures vanquished.

Notes
Turn   | Place    | Note
-------+----------+-------------------------------------------
     0 | D:1      | qw the Minotaur Hunter began the quest for the Orb.
     0 | D:1      | Reached XP level 1. HP: 18/18 MP: 0/0
     0 | D:1      | 0 ||| qw: Version: 0.2-a-117-gc6b5c8b
     0 | D:1      | 0 ||| qw: Game counter: 2521
     0 | D:1      | 0 ||| qw: Always use a shield: true
     0 | D:1      | 0 ||| qw: God list: Okawaru
     0 | D:1      | 0 ||| qw: Allow faded altars: false
     0 | D:1      | 0 ||| qw: Do Orc after D:15 true
     0 | D:1      | 0 ||| qw: Do second Lair branch before Depths: true
     0 | D:1      | 0 ||| qw: Lair rune preference: random
     0 | D:1      | 0 ||| qw: Plans: Normal
     0 | D:1      | 0 ||| PLANNING D:1-11
    74 | D:1      | Reached XP level 2. HP: 23/25 MP: 1/1
    88 | D:1      | Reached skill level 5 in Ranged Weapons
   369 | D:1      | Reached skill level 3 in Fighting
   621 | D:1      | 621 ||| UPGRADING to +0 ring mail.
   631 | D:1      | 631 ||| DROPPING +0 leather armour.
   632 | D:1      | 632 ||| UPGRADING to +0 pair of gloves.
   637 | D:1      | 637 ||| UPGRADING to +4 ring of protection.
   638 | D:1      | 638 ||| READING 4 scrolls labelled NIAMUMOLIE.
   639 | D:1      | 639 ||| READING 3 scrolls labelled DITHRY LONETO.
   640 | D:1      | 640 ||| READING 3 scrolls labelled GAMESSOXAS.
   643 | D:1      | 643 ||| READING 3 scrolls of identify.
   643 | D:1      | 643 ||| IDENTIFYING yellow potion
   644 | D:1      | 644 ||| READING 2 scrolls of identify.
   644 | D:1      | 644 ||| IDENTIFYING fizzy emerald potion
   645 | D:1      | 645 ||| DROPPING scroll of butterflies.
   646 | D:1      | 646 ||| DROPPING 2 scrolls of amnesia.
   647 | D:1      | 647 ||| DROPPING potion of degeneration.
   670 | D:2      | Reached XP level 3. HP: 31/31 MP: 2/2
   682 | D:2      | Reached skill level 1 in Armour
  1082 | D:2      | 1082 ||| READING scroll labelled GUADEGRI JOUMOIV.
  1083 | D:2      | 1083 ||| READING scroll labelled JOCUEN ZOOPP.
  1084 | D:2      | 1084 ||| READING scroll labelled BIMISA DIALE.
  1167 | D:3      | Reached XP level 4. HP: 38/38 MP: 3/3
  1278 | D:3      | Reached skill level 6 in Ranged Weapons
  1278 | D:3      | Noticed Ijyb
  1279 | D:3      | 1279 ||| Stepping ~*~*~tactically~*~*~ (outnumbered).
  1281 | D:3      | 1281 ||| Stepping ~*~*~tactically~*~*~ (outnumbered).
  1282 | D:3      | 1282 ||| Stepping ~*~*~tactically~*~*~ (outnumbered).
  1289 | D:3      | Killed Ijyb
  1495 | D:3      | Noticed Jessica
  1499 | D:3      | Killed Jessica
  1500 | D:3      | Reached XP level 5. HP: 46/46 MP: 4/4
  1608 | D:3      | Found a runed translucent door.
  1609 | D:3      | Noticed Crazy Yiuf
  1699 | D:3      | Noticed Natasha
  1708 | D:3      | Killed Natasha
  1840 | D:3      | 1840 ||| READING scroll labelled CIR TECOPLUESM.
  1841 | D:3      | 1841 ||| READING scroll labelled WUES KEDU WIA.
  1842 | D:3      | 1842 ||| READING 2 scrolls of identify.
  1842 | D:3      | 1842 ||| IDENTIFYING murky blue potion
  1843 | D:3      | 1843 ||| DROPPING potion of enlightenment.
  1912 | D:4      | Reached skill level 7 in Ranged Weapons
  1912 | D:4      | 1912 ||| FLEEEEING.
  1918 | D:4      | 1918 ||| FLEEEEING.
  1926 | D:4      | 1926 ||| STAIRDANCE
  2089 | D:4      | Reached XP level 6. HP: 52/52 MP: 5/5
  2111 | D:4      | Found a shimmering blue altar of Sif Muna.
  2377 | D:4      | Noticed Robin
  2382 | D:4      | Killed Robin
  2383 | D:4      | Reached skill level 8 in Ranged Weapons
  2477 | D:4      | Found Kurituty's Assorted Antiques.
  2484 | D:4      | 2484 ||| BUYING bronze wand (116 gold).
  2484 | D:4      | Bought a bronze wand for 116 gold pieces
  2484 | D:4      | 2484 ||| SHOPLISTING pair of smouldering gloves (275 gold,
                  | have 69).
  2484 | D:4      | 2484 ||| BUYING scroll labelled YSI RALONOER (29 gold).
  2484 | D:4      | Bought a scroll labelled YSI RALONOER for 29 gold pieces
  2749 | D:4      | 2749 ||| UPGRADING to +2 pair of gloves.
  2759 | D:4      | 2759 ||| DROPPING +0 pair of gloves.
  2760 | D:4      | 2760 ||| READING scroll labelled ZUYLAL DUEQIME.
  2761 | D:4      | 2761 ||| READING scroll labelled YSI RALONOER.
  2762 | D:4      | 2762 ||| READING 2 scrolls of identify.
  2762 | D:4      | 2762 ||| IDENTIFYING fuming coppery potion
  2763 | D:4      | 2763 ||| DROPPING potion of brilliance.
  2764 | D:4      | 2764 ||| DROPPING wand of flame (8).
  2780 | D:5      | Entered Level 5 of the Dungeon
  2803 | D:5      | HP: 12/56 [poisoned by a gnoll sergeant]
  2804 | D:5      | 2804 ||| READING 2 scrolls of teleportation.
  2805 | D:5      | Succumbed to a gnoll sergeant's poison

Levels and vault maps discovered:
D:1:      psy_arrival_whirlpool, layout_loops_cross, minmay_octomino_e4
D:2:      layout_rooms
D:3:      kennysheep_goblin_castle, layout_rooms, minmay_misc_feat_nine_boxes,
          uniq_jessica, uniq_ijyb, uniq_natasha, uniq_crazy_yiuf_cottage
D:4:      layout_loops_ring, lemuel_doored_altar, serial_shops, shop, uniq_robin
D:5:      layout_layer_cave, nicolae_dithmenos_through_a_glass_darkly,
          ebering_ghost_disaster_area

Skill      XL: |  1  2  3  4  5  6 |
---------------+-------------------+-----
Ranged Weapons | 5 6 7 8 |  8.0
Fighting       | 3 4 5 |  5.0
Armour         | 1 |  1.0
Dodging        | |  2.1
Stealth        | |  0.7

Action                     |  1- 3 |  4- 6 || total
---------------------------+-------+-------++-------
   Fire: Shortbow          |   101 |   212 ||   313
    Use: Scroll            |     8 |     7 ||    15
 Armour: Leather armour    |     1 |       ||     1
         Ring mail         |     2 |    51 ||    53
  Dodge: Dodged            |    12 |    58 ||    70

Table legend:
 A = Non-vault XP
 B = Vault XP
 C = Vault XP percentage of total XP
 D = Non-vault monster count
 E = Vault monster count
 F = Vault count percentage of total count
                 A         B        C        D         E       F
            +---------+---------+-------+---------+---------+-------
      Total |     510 |     170 |  25.0 |      95 |      28 |  22.8
            +---------+---------+-------+---------+---------+-------
        D:1 |      28 |       6 |  17.6 |      18 |       3 |  14.3
        D:2 |      49 |       0 |   0.0 |      21 |       0 |   0.0
        D:3 |      32 |     130 |  80.2 |      17 |      14 |  45.2
        D:4 |     344 |      34 |   9.0 |      34 |      11 |  24.4
        D:5 |      57 |       0 |   0.0 |       5 |       0 |   0.0
            +---------+---------+-------+---------+---------+-------
